 Dungeon Crawl Stone Soup version 0.30.1-3-gfc49f6343a (webtiles) character file.

Game seed: 3893359297526936068

1565 croobank the Cutter (level 8, -6/54 (58) HPs)
             Began as an Octopode Monk on July 20, 2023.
             Was an Initiate of Yredelemnul.
             Mangled by an orc warrior
             ... wielding a +0 flail
              (19 damage)
             ... on level 6 of the Dungeon.
             The game lasted 00:50:02 (5012 turns).

croobank the Cutter (Octopode Monk)                 Turns: 5012, Time: 00:50:03

HP:   -6/54 (58)    AC:  1    Str: 11    XL:     8   Next: 89%
MP:   11/11         EV: 15    Int: 14    God:    Yredelemnul [......]
Gold: 333           SH:  0    Dex: 14    Spells: 7/7 levels left

rFire   . . .        a - +2 dagger (protect)
rCold   . . .        (no shield)
rNeg    . . .        (helmet restricted)
rPois   .            (no amulet)
rElec   .            y - ring of wizardry
rCorr   .            (no ring)
SInv    .            (no ring)
Will    .....        (no ring)
Stlth   ++           (no ring)
HPRegen 0.29/turn    (no ring)
MPRegen 0.12/turn    (no ring)
                     (no ring)

%: wizardry (x1)
@: mighty, drained
A: almost no armour, amphibious, 8 rings, camouflage 1, gelatinous body 1,
(nimble swimmer 1), tentacles
a: Renounce Religion, Recall Undead Harvest


You were on level 6 of the Dungeon.
You worshipped Yredelemnul.
Yredelemnul was noncommittal.
You visited 1 branch of the dungeon, and saw 6 of its levels.

You collected 333 gold pieces.

Inventory:

Hand Weapons
 a - a +2 dagger of protection (weapon)
 f - a +0 short sword
 l - a +2 heavy hand axe
 n - a +3 dagger of pain
 o - a +2 dagger of venom
 r - a +0 morningstar
Missiles
 g - 13 boomerangs (quivered)
 j - 7 poisoned darts
 m - a throwing net
 s - 3 silver boomerangs
 z - a curare-tipped dart
Armour
 c - an orb of light
Jewellery
 y - a ring of wizardry (left tentacle)
Wands
 v - a wand of quicksilver (5)
 C - a wand of flame (5)
Scrolls
 d - a scroll of enchant armour
 h - a scroll of amnesia
 i - 4 scrolls of identify
 k - a scroll of fog
 A - a scroll of fear {unknown}
 B - a scroll of brand weapon {unknown}
Potions
 b - 2 potions of ambrosia
 e - 2 potions of flight
 p - 4 potions of magic
 q - a potion of brilliance
 t - a potion of lignification
 u - a potion of haste
 x - 2 potions of curing


   Skills:
 + Level 6.3 Fighting
 + Level 6.4 Short Blades
 + Level 6.3 Dodging
 + Level 4.9 Invocations


You had 7 spell levels left.
You didn't know any spells.
Your spell library contained the following spells:

 Spells                   Type           Power      Damage    Failure   Level
 Summon Forest            Summ/Tloc      0%         N/A       95%         5
 Malign Gateway           Summ/Tloc      0%         N/A       100%        7
 Disjunction              Tloc           0%         N/A       100%        8


Dungeon Overview and Level Annotations

Branches:
Dungeon (6/15)             Temple (0/1) D:4

Altars:
Yredelemnul

Shops:
D:6 :

Annotations:
D:5 2 transporters, booth's ghost, novice GnRe


Innate Abilities, Weirdness & Mutations

You cannot wear most types of armour.
You are amphibious.
You can wear up to eight rings at the same time.
Your skin changes colour to match your surroundings (Stealth+).
Your rubbery body absorbs attacks. (AC +1, EV +1)
((You are camouflaged when in or above water. (Stealth+)))
You have tentacles for arms and can constrict up to eight enemies at once.


Message History

You hit something but do no damage. You squeeze something!
Reactivating autopickup.
You feel a bit more experienced.
The dead are walking!
The orc hits your orc wizard zombie with a +0 hand axe.
An orc warrior comes into view. It is wielding a +0 flail.
The orc misses your orc wizard zombie.
Your orc wizard zombie hits the orc.
The orc hits your orc wizard zombie with a +0 hand axe.
Your orc wizard zombie closely misses the orc.
The orc warrior hits your orc wizard zombie with a +0 flail!
The orc hits your orc wizard zombie with a +0 hand axe!
Your orc wizard zombie is destroyed!
The orc warrior hits you but does no damage.
A magic dart appears from out of thin air!
Deactivating autopickup; reactivate with Ctrl-A.
The magic dart hits you. The orc barely misses you.
Things that are here:
a +0 dagger; a +0 robe Something hits you.
You feel drained.
There is a stone staircase leading up here.
Something hits you.
You feel drained.
You feel very mighty all of a sudden.
The orc warrior hits you with a +0 flail!
* * * LOW HITPOINT WARNING * * *
Aiming: Quicksilver Bolt
Press: ? - help, Shift-Dir - straight line The bolt of dispelling energy misses the orc warrior.
The bolt of dispelling energy hits the orc!
You kill the orc!
The orc warrior barely misses you.
Aiming: Quicksilver Bolt
Press: ? - help, Shift-Dir - straight line
Okay, then.
Aiming: Quicksilver Bolt
Press: ? - help, Shift-Dir - straight line The bolt of dispelling energy hits the orc warrior!!
The orc warrior is severely wounded.
The orc warrior hits you with a +0 flail!!
You die...
Your body rises from the dead as a mindless zombie.

#############
............#
..........
........# ###
#..#.# ...
#..#@# ⌠...
#.)o.# ...∩.
##.#.##.⌠...
#)#.#......
#..........
#.#.#.#####
#.#....#
#.#.#.#.#
#...!.....


You could see an orc warrior.

Vanquished Creatures
  An ice beast (D:5)
  An ogre (D:5)
  A centaur (D:5)
  A kobold brigand (D:5)
  3 scorpions (D:5)
  6 hounds
  2 jellies (D:5)
  6 orc priests
  A gnoll bouda (D:3)
  4 iguanas
  A sleepcap (D:5)
  3 orc wizards
  4 gnolls
  5 adders
  2 ufetubi
  2 worms
  2 dart slugs
  11 orcs
  8 ball pythons
  3 bats
  3 endoplasms
  4 giant cockroaches
  6 goblins
  6 hobgoblins
  7 kobolds
  4 quokkas
  2 frilled lizards
  3 rats
102 creatures vanquished.

Vanquished Creatures (collateral kills)
  A phantom (D:5)
  2 scorpions (D:5)
  A hound (D:5)
  An adder (D:3)
  4 orcs
  3 hobgoblins
  A quokka (D:3)
  2 rats (D:3)
15 creatures vanquished.

Vanquished Creatures (others)
  A scorpion zombie (D:5)
  5 hound zombies
  13 orc zombies
  5 adder zombies
  An iguana zombie (D:5)
  A bat zombie (D:2)
  2 gnoll zombies (D:5)
  2 ball python zombies (D:3)
  An endoplasm zombie (D:4)
  A kobold zombie (D:3)
  2 rat zombies (D:3)
34 creatures vanquished.

Grand Total: 151 creatures vanquished

Notes
Turn   | Place    | Note
-------+----------+-------------------------------------------
     0 | D:1      | croobank the Octopode Monk began the quest for the Orb.
     0 | D:1      | Reached XP level 1. HP: 16/16 MP: 1/1
   232 | D:1      | Reached XP level 2. HP: 21/21 MP: 2/2
   392 | D:1      | Got the Atlas of Orientation
   658 | D:1      | Reached XP level 3. HP: 26/26 MP: 3/3
  1258 | D:2      | Reached XP level 4. HP: 32/32 MP: 4/4
  1268 | D:2      | Found a faded altar of an unknown god.
  1278 | D:2      | Prayed at the altar of an unknown god.
  1278 | D:2      | Became a worshipper of Yredelemnul the Dark
  1278 | D:2      | Reached * piety under Yredelemnul
  1278 | D:2      | Reached ** piety under Yredelemnul
  1837 | D:3      | Reached XP level 5. HP: 25/37 MP: 5/5
  2765 | D:4      | Found a staircase to the Ecumenical Temple.
  2773 | D:4      | Reached XP level 6. HP: 44/44 MP: 6/6
  2798 | D:4      | Reached skill level 1 in Invocations
  3294 | D:5      | Entered Level 5 of the Dungeon
  3298 | D:5      | Found a transporter.
  3298 | D:5      | Found a transporter.
  3340 | D:5      | Reached XP level 7. HP: 19/49 MP: 8/8
  3345 | D:5      | Reached skill level 5 in Short Blades
  3510 | D:5      | Reached skill level 5 in Fighting
  3510 | D:5      | Reached skill level 5 in Dodging
  4105 | D:5      | Reached XP level 8. HP: 48/56 MP: 10/10
  4614 | D:5      | Identified the +4 trident "Luwkas" {vamp, Contam rElec
                  | rN+++ Dex+2}
  4867 | D:5      | Noticed booth's ghost (novice GnRe)
  4972 | D:6      | Found Qoaciy's Vocational Training.
  5012 | D:6      | Mangled by an orc warrior

Illustrated notes

Levels and vault maps discovered:
D:1:      beargit_arrival_greenhouse, layout_loops_ring
D:2:      layout_loops_ring, hellmonk_ecumenical_altar_zigzags,
          minmay_misc_feat_iff
D:3:      layout_rooms, mrwooster_statue_mirror, minmay_misc_feat_nine_boxes,
          supply_closet_lemuel, minmay_divided_ellipse
D:4:      layout_gridville, temple_fountains
D:5:      layout_loops_corners, gammafunk_ghost_gnarly_gnolls, st_stairs_3,
          minmay_misc_feat_pillars, minmay_joined_circles
D:6:      layout_loops_ring, lemuel_mausoleum_altar_kikubaaqudgha,
          nicolae_shop_vocational, uniq_edmund

Skill      XL: |  1  2  3  4  5  6  7  8 |
---------------+-------------------------+-----
Fighting       | 4 5 6 |  6.3
Short Blades   | 4 5 6 |  6.4
Dodging        | 4 5 6 |  6.3
Invocations    | 2 3 4 |  4.9

Action                     |  1- 3 |  4- 6 |  7- 9 || total
---------------------------+-------+-------+-------++-------
  Melee: Short sword       |    14 |       |       ||    14
         Constrict         |    20 |    34 |    15 ||    69
         Tentacles         |    18 |    31 |    39 ||    88
         Dagger            |    65 |   131 |   115 ||   311
         Punch             |     1 |     2 |     3 ||     6
  Throw: Boomerang         |       |       |     3 ||     3
 Invoke: Recall Undead Har |       |     1 |       ||     1
  Evoke: Wand              |       |     2 |     4 ||     6
    Use: Scroll            |       |    13 |     1 ||    14
         Potion            |       |     1 |     2 ||     3
   Stab: Sleeping          |     6 |     2 |     3 ||    11
         Distracted        |       |     2 |       ||     2
 Armour: Skin              |     8 |    21 |    25 ||    54
  Dodge: Dodged            |    37 |    81 |    59 ||   177
